Map: Central Protocol

Players

AlfrodoCruis - Winner!

  • Race: Zerg Zerg
  • League: Bronze

juhyg

  • Race: Zerg Zerg
  • League: Bronze

VOD

Have the link to the VOD?

Description

Time

  • Played on: Feb. 7, 2016, 8:28 p.m.
  • Length: 4:38
Show
View Real Time Build Order
Export as new Build Order

AlfrodoCruis Zerg - Winner!

Build Orders: Pool First 

Get SALT Encoding   

  12  0:04  Drone  
  13  0:16  Drone  
  13  0:20  Overlord  
  14  0:27  Extractor  
  13  0:42  Spawning Pool  
  12  0:47  Drone  
  14  0:50  Drone  
  14  0:54  Drone  
  15  1:19  Drone x2, Extractor  
  16  1:33  Zergling x4  
  16  1:35  Queen  
  20  1:52  Zergling x4  
  22  2:04  Overlord  
  22  2:11  Hatchery  
  21  2:16  Zergling x2  
  22  2:31  Drone, Baneling Nest  
  21  2:45  Zergling x2  
  21  2:48  Zergling x6  
  25  3:02  Drone x2  
  27  3:07  Spore Crawler  
  26  3:28  Zergling x8  
  26  3:33  Evolution Chamber  
  29  3:37  Drone  
  30  3:45  Baneling  
  30  3:46  Baneling x3  
Show
View Real Time Build Order
Export as new Build Order

juhyg Zerg 

Build Orders: Hatch First 

Get SALT Encoding   

  12  0:33  Hatchery  
  11  0:41  Drone x3  
  14  1:00  Spawning Pool  
  13  1:08  Overlord  
  13  1:12  Drone  
  14  1:28  Drone x2, Extractor  
  15  1:38  Drone  
  16  1:53  Overlord  
  16  1:56  Queen  
  16  1:58  Drone  
  19  2:06  Drone x2  
  19  2:08  Zergling x4  
  23  2:17  Queen  
  25  2:31  Zergling x6  
  25  2:32  Zergling x2  
  29  2:42  Lair  
  29  2:49  Extractor  
  28  3:02  Roach Warren  
  28  3:03  Drone x2  
  28  3:04  Drone  
  30  3:21  Drone x4  
  34  3:28  Drone  
  34  3:29  Drone  
  36  3:36  Overlord  
Tags
 
Add a new tag
Caveats
  • Supply blocks, unpowered buildings, or Contaminate may cause inaccurate times.
  • Supply counts are checked every 10 seconds.